 Dungeon Crawl Stone Soup version 0.29.1-2-gbd0b4ee654 (webtiles) character file.

Game seed: 322437617815533177

96 RascalDebosk the Slasher (level 4, -4/35 HPs)
             Began as a Human Monk on Oct 30, 2022.
             Succumbed to a kobold brigand's poison
             ... on level 3 of the Dungeon.
             The game lasted 00:16:05 (2801 turns).

RascalDebosk the Slasher (Human Monk)               Turns: 2801, Time: 00:16:06

Health: -4/35      AC:  6    Str: 12    XL:     4   Next: 98%
Magic:  4/4        EV: 10    Int: 10    God:
Gold:   45         SH:  0    Dex: 17    Spells: 3/3 levels left

rFire   + . .      SeeInvis .   a - +0 falchion
rCold   . . .      Faith    .   (no shield)
rNeg    . . .      Spirit   .   c - +0 scale mail
rPois   .          Reflect  .   (no helmet)
rElec   .          Harm     .   (no cloak)
rCorr   .          Rampage  .   (no gloves)
Will    .....                   (no boots)
Stlth   +.........              (no amulet)
HPRegen 0.11/turn               e - ring of protection from fire
MPRegen 0.09/turn               (no ring)

@: lethally poisoned (-4 -> -31)
A: no striking features
a: no special abilities


You were on level 3 of the Dungeon.
You visited 1 branch of the dungeon, and saw 3 of its levels.

You collected 115 gold pieces.
You spent 70 gold pieces at shops.

Inventory:

Hand Weapons
 a - a +0 falchion (weapon)
Missiles
 n - 5 boomerangs (quivered)
Armour
 b - a +0 robe
 c - a +0 scale mail (worn)
Jewellery
 e - a ring of protection from fire (left hand)
Scrolls
 d - 3 scrolls of teleportation {unknown}
 f - 2 scrolls of enchant weapon {unknown}
 i - 4 scrolls of identify
 o - a scroll of immolation {unknown}
 q - a scroll of noise {unknown}
 r - a scroll of vulnerability {unknown}
Potions
 g - a potion of curing {unknown}
 h - a potion of invisibility {unknown}
 j - a potion of might
 k - a potion of lignification {unknown}
 l - a potion of degeneration
 m - a potion of mutation {unknown}
 p - a potion of berserk rage {unknown}


   Skills:
 - Level 3.0 Fighting
 + Level 4.2 Long Blades
 + Level 1.7 Throwing
 - Level 3.7 Dodging
 - Level 2.0 Stealth


You had 3 spell levels left.
You didn't know any spells.
Your spell library was empty.

Dungeon Overview and Level Annotations

Branches:
Dungeon (3/15)

Altars:

Shops:
D:1 *


Message History

The kobold hits you but does no damage.
You barely miss the kobold.
The kobold shouts!
You hear a shout!
The kobold barely misses you. x2
A kobold comes into view. It is wielding a +0 club.
You barely miss the kobold. The kobold closely misses you.
The kobold hits you but does no damage.
You hit the kobold but do no damage. The kobold barely misses you.
You closely miss the kobold. The kobold hits you but does no damage.
The kobold barely misses you.
You hit the kobold.
The kobold is severely wounded.
The kobold hits you but does no damage. The kobold barely misses you. x2
You slash the kobold!
You kill the kobold!
The kobold hits you but does no damage. The kobold hits you with a +0 club.
You miss the kobold. The kobold hits you with a +0 club. x3
You hit the kobold.
You kill the kobold!
The kobold hits you but does no damage. x2
You hit the kobold.
You kill the kobold!
The kobold barely misses you. The kobold hits you with a +0 club.
You barely miss the kobold.
The kobold hits you but does no damage. x2
The kobold barely misses you. x2
You barely miss the kobold. The kobold hits you but does no damage.
The kobold hits you with a +0 club.
You barely miss the kobold. The kobold barely misses you.
The kobold hits you but does no damage.
You hit the kobold but do no damage. The kobold barely misses you. x2
You barely miss the kobold.
The kobold hits you but does no damage. x2
You hit the kobold.
The kobold is severely wounded.
The kobold hits you but does no damage. The kobold barely misses you.
You hit the kobold.
You kill the kobold!
The kobold hits you but does no damage. The kobold closely misses you.
Things that are here:
a +0 club; a kobold corpse You barely miss the kobold.
The kobold closely misses you.
You slash the kobold!
You kill the kobold!
A kobold brigand comes into view.
It is wielding a +1 dagger of venom and quivering poisoned darts.
The kobold brigand throws a poisoned dart.
The poisoned dart barely misses you.
A kobold comes into view. It is wielding a +0 dagger.
Found 2 stones and 8 gold pieces.
The kobold shouts!
Found 9 gold pieces and a ring mail.
The kobold brigand throws a poisoned dart.
The poisoned dart misses you.
You hit the kobold brigand.
The kobold brigand is lightly wounded.
You closely miss the kobold brigand.
The kobold brigand is lightly wounded.
The kobold closely misses you.
The kobold brigand hits you with a +1 dagger of venom.
The kobold brigand hits you but does no damage.
You are poisoned.
The kobold hits you with a +0 dagger.
You hit the kobold brigand.
The kobold brigand is lightly wounded.
You feel sick. The kobold hits you with a +0 dagger.
The kobold brigand closely misses you.
You hit the kobold brigand.
The kobold brigand is moderately wounded.
You feel sick. The kobold closely misses you.
The kobold brigand hits you with a +1 dagger of venom.
You hit the kobold brigand.
The kobold brigand is moderately wounded.
You feel sick. The kobold closely misses you.
The kobold brigand hits you with a +1 dagger of venom.
You are more poisoned.
You barely miss the kobold brigand.
The kobold brigand is moderately wounded.
You feel sick. The kobold closely misses you.
The kobold brigand hits you but does no damage.
You are lethally poisoned!
You barely miss the kobold.
* * * LOW HITPOINT WARNING * * *
You feel very sick. The kobold hits you but does no damage.
The kobold brigand closely misses you.
You slash the kobold!
You kill the kobold!
* * * LOW HITPOINT WARNING * * *
You feel very sick.
The kobold brigand hits you but does no damage.
You are more poisoned.
You hit the kobold brigand but do no damage.
The kobold brigand is moderately wounded.
* * * LOW HITPOINT WARNING * * *
You feel very sick.
The kobold brigand hits you with a +1 dagger of venom.
* * * LOW HITPOINT WARNING * * *
You are more poisoned.
Unknown command.
You hit the kobold brigand.
The kobold brigand is moderately wounded.
You die...

##### ####~~~### #####
~~~~~~~~#
###...######~~≈≈~~~
#.K@.......###≈≈~###
#$(...)###.......#####))
#[$..###≈######.......).
#### ≈≈≈ ###.....##
~~~~~ #######< #~~~~~#
#...#.. ####### #.#....
####....). #.
###########....#.#).


You could see a kobold brigand.

Vanquished Creatures
  5 adders
  4 worms
  An orc (D:2)
  2 bats (D:1)
  4 endoplasms
  5 goblins
  2 hobgoblins (D:1)
  2 quokkas (D:1)
  3 ball pythons
  A frilled lizard (D:2)
  11 kobolds
  4 rats
44 creatures vanquished.

Notes
Turn   | Place    | Note
-------+----------+-------------------------------------------
     0 | D:1      | RascalDebosk the Human Monk began the quest for the Orb.
     0 | D:1      | Reached XP level 1. HP: 18/18 MP: 1/1
   332 | D:1      | Reached XP level 2. HP: 5/24 MP: 2/2
  1048 | D:1      | Found Omnynt's General Store.
  1055 | D:1      | Bought a potion of might for 40 gold pieces
  1055 | D:1      | Bought a scroll of identify for 20 gold pieces
  1068 | D:1      | Bought a potion of degeneration for 10 gold pieces
  1318 | D:1      | You fall into a shaft and drop 1 floor!
  1343 | D:2      | Reached XP level 3. HP: 24/29 MP: 3/3
  1438 | D:2      | Identified the +3 dagger "Exiustoh" {freeze, rN+ Str+5}
  1858 | D:2      | Reached skill level 1 in Throwing
  1858 | D:2      | Reached XP level 4. HP: 10/35 MP: 4/4
  1875 | D:2      | Reached skill level 4 in Long Blades
  2787 | D:3      | Noticed a kobold brigand
  2800 | D:3      | HP: 1/35 [kobold brigand/+1 dagger of venom (3)]
  2801 | D:3      | Succumbed to a kobold brigand's poison

Illustrated notes

Levels and vault maps discovered:
D:1:      psy_arrival_radial01, layout_basic, serial_shops, shop
D:2:      layout_rooms, serial_aquarium, aquarium_bridge_square
          [aquarium_subvault_bridge, aquarium_subvault_balcony,
          aquarium_subvault_window, aquarium_subvault_wall],
          aquarium_window_corner, aquarium_window_corridor_3, aquarium_view_2e,
          aquarium_balcony_1b, aquarium_pool_2
D:3:      cheibrodos_thug_alley, layout_rooms,
          mainiacjoe_overflow_surrounded_room, fedhas_altar_fruit_tree,
          basic_ecumenical_altar

Skill      XL: |  1  2  3  4 |
---------------+-------------+-----
Throwing       | 1 |  1.7
Long Blades    | 4 |  4.2
Fighting       | |  3.0
Dodging        | |  3.7
Stealth        | |  2.0

Action                   |  1- 3 |  4- 6 || total
-------------------------+-------+-------++-------
Melee: Falchion          |    89 |    77 ||   166
Throw: Boomerang         |     1 |       ||     1
  Use: Potion            |       |     1 ||     1
 Stab: Sleeping          |     7 |       ||     7
Armor: Robe              |    11 |     2 ||    13
       Scale mail        |       |    34 ||    34
Dodge: Dodged            |    70 |    55 ||   125
